Map: Bel'Shir Vestige LE (Void)

Players

monOxyde - Winner!

  • Race: Terran Terran
  • League: Master
  • Spawn Location: 5:00

MrNovember

  • Race: Zerg Zerg
  • League: Master
  • Spawn Location: 11:00

VOD

Have the link to the VOD?

Description

Time

  • Played on: April 10, 2017, 9:12 p.m.
  • Length: 14:46
Show
View Real Time Build Order
Export as new Build Order

monOxyde Terran - Winner!

Build Orders: Reaper Expand, MMM Bio 

Get SALT Encoding   

  12  0:03  SCV  
  13  0:15  SCV  
  13  0:19  Supply Depot  
  14  0:27  SCV  
  15  0:41  SCV  
  15  0:42  Barracks  
  16  0:44  Refinery  
  16  0:53  SCV  
  17  1:06  SCV  
  18  1:18  SCV  
  19  1:29  Reaper  
  19  1:30  Orbital Command  
  20  1:40  Command Center  
  20  1:52  Barracks  
  20  1:56  SCV  
  21  2:02  Barracks Reactor  
  21  2:05  Supply Depot  
  21  2:08  SCV  
  22  2:16  Refinery  
  22  2:20  SCV  
  23  2:30  Factory  
  23  2:32  SCV  
  24  2:39  Marine x2, Barracks Tech Lab  
  26  2:44  SCV  
  26  2:53  Orbital Command  
  26  2:56  SCV  
  27  2:58  Stimpack  
  27  2:59  Marine  
  28  3:06  Marine x2  
  28  3:08  SCV  
  31  3:16  Marine  
  31  3:19  Starport  
  32  3:22  SCV x2  
  32  3:24  Factory Reactor  
  34  3:34  SCV  
  34  3:35  SCV  
  34  3:37  Marine x2  
  34  3:38  Marine  
  39  3:46  SCV  
  39  3:47  SCV  
  41  3:55  Marine  
  41  3:58  Supply Depot x2  
  41  3:59  SCV x2  
  44  4:03  Marine x2  
  46  4:20  SCV x2, Medivac x2  
  46  4:23  Marine x3  
  55  4:27  Engineering Bay  
  55  4:28  Engineering Bay  
  55  4:30  Supply Depot  
  55  4:32  SCV x2  
  57  4:41  Marine x2  
  59  4:46  Marine  
  60  4:58  Marine  
  60  4:59  Combat Shields, SCV x2  
  63  5:00  Terran Infantry Armor Level 1, Terran Infantry Weapons Level 1  
  63  5:06  Marine x2, Factory Reactor  
  65  5:10  Barracks  
  65  5:11  SCV x2  
  65  5:12  Command Center  
  67  5:16  Marine  
  67  5:18  Refinery  
  68  5:23  SCV  
  68  5:24  Marine  
  70  5:34  Supply Depot  
  70  5:35  Supply Depot  
  70  5:38  Marine x2, SCV, Medivac  
  70  5:42  Marine, SCV  
  77  5:50  SCV  
  77  5:53  Refinery  
  77  5:54  Factory Reactor  
  77  5:56  Armory, Barracks, SCV  
  79  5:57  Barracks  
  79  6:00  Marine x3  
  79  6:03  Barracks Reactor  
  82  6:08  SCV  
  82  6:09  Medivac  
  82  6:10  SCV  
  86  6:18  Marine x2  
  88  6:22  Marine  
  89  6:30  Widow Mine  
  89  6:31  Widow Mine, SCV  
  89  6:32  Orbital Command, SCV  
  95  6:35  Marine x2  
  97  6:40  Marine, Supply Depot  
  97  6:45  Medivac x2  
  97  6:46  Barracks Reactor  
  101  6:53  Marine x2  
  103  6:58  Marine, SCV  
  103  6:59  Supply Depot  
  103  7:00  Supply Depot  
  105  7:06  Marine  
  105  7:07  Marine x3, Widow Mine x2  
  113  7:08  SCV  
  113  7:14  Terran Infantry Weapons Level 2  
  114  7:18  Terran Infantry Armor Level 2  
  114  7:23  Marine x3  
  114  7:24  SCV  
  118  7:32  Marine  
  118  7:33  Marine x2  
  121  7:37  Marine x2, Widow Mine  
  121  7:38  Medivac  
  121  7:40  Marine  
  121  7:42  Orbital Command  
  128  7:54  Marine x2  
  129  8:03  Marine x4  
  133  8:07  Terran Vehicle Weapons Level 1  
  133  8:17  Marine  
  133  8:27  Marine x2  
  133  8:33  Marine x3  
  133  8:44  Marine x4  
  133  8:46  Marine, SCV  
  133  8:47  Marine  
  133  8:48  SCV  
  133  8:49  SCV  
  133  8:51  Marine x2  
  133  8:52  Marine  
  133  8:53  Widow Mine  
  133  8:54  Medivac x2  
  132  8:56  Barracks  
  132  8:57  Barracks x2  
  132  8:58  SCV  
  132  9:00  SCV  
  132  9:01  SCV  
  132  9:02  Marine  
  133  9:07  Refinery  
  133  9:08  Refinery  
  133  9:17  Supply Depot  
  133  9:18  Supply Depot  
  133  9:19  Marine x6, SCV x3  
  133  9:23  Marine x2  
  141  9:24  Marine  
  138  9:32  SCV x3  
  138  9:37  Marine x3  
  141  9:38  Marine x3  
  141  9:41  Marine x2  
  141  9:42  Marine  
  141  9:44  SCV x2  
  142  9:48  Orbital Command  
  141  9:54  Marine  
  141  9:55  Marine x2  
  141  9:56  Marine x3, SCV x2  
  141  9:59  Marine x2  
  150  10:01  Marine  
  150  10:02  Terran Infantry Weapons Level 3  
  138  10:07  Liberator  
  138  10:08  SCV  
  138  10:12  Marine  
  138  10:13  Marine x2  
  129  10:14  Marine x2, SCV  
  129  10:20  SCV  
  125  10:23  Widow Mine x2  
  125  10:25  SCV  
  125  10:27  SCV  
  134  10:28  Marine x2  
  134  10:33  SCV  
  135  10:40  Marine x2  
  135  10:42  Marine x2  
  137  10:43  Marine  
  137  10:44  Terran Infantry Armor Level 3  
  140  10:57  SCV  
  141  10:58  Marine x2  
  141  11:01  Supply Depot  
  141  11:14  Command Center  
  141  11:18  Marine x4  
  126  11:19  Marine x3  
  126  11:20  Marine, SCV  
  123  11:28  SCV  
  123  11:30  Marine  
  123  11:31  Marine  
  125  11:35  SCV  
  125  11:36  SCV  
  127  11:40  SCV  
  128  11:47  Marine  
  128  11:48  Marine x11, Widow Mine x2  
  128  11:49  Medivac x2  
  136  12:00  Bunker  
  136  12:01  SCV  
  132  12:05  Marine  
  132  12:06  Marine x2  
  132  12:07  SCV  
  132  12:08  SCV  
  132  12:11  Marine  
  132  12:13  Marine x6  
  121  12:16  Marine x2  
  113  12:23  Marine x2  
  113  12:24  Marine  
  113  12:29  Marine  
  117  12:31  Marine x6  
  117  12:34  Marine  
  117  12:36  Marine  
  111  12:41  Marine x3  
  111  12:47  Marine  
Show
View Real Time Build Order
Export as new Build Order

MrNovember Zerg 

Build Orders: Hatch First, Muta Ling Bane 

Get SALT Encoding   

  12  0:00  Drone  
  13  0:12  Overlord  
  13  0:17  Drone  
  14  0:31  Drone x2  
  14  0:35  Drone  
  17  0:52  Hatchery  
  17  0:55  Drone  
  17  0:57  Drone  
  18  1:09  Extractor  
  17  1:13  Spawning Pool  
  17  1:15  Drone  
  17  1:19  Drone  
  18  1:28  Drone  
  19  1:39  Overlord  
  19  1:50  Drone  
  20  2:00  Queen  
  22  2:02  Zergling x2  
  22  2:04  Zergling x2, Queen  
  26  2:08  Metabolic Boost  
  26  2:12  Drone  
  27  2:16  Drone  
  28  2:25  Drone  
  28  2:27  Drone  
  30  2:34  Overlord  
  30  2:37  Drone  
  30  2:44  Overlord  
  31  2:48  Queen  
  35  2:54  Drone  
  35  2:55  Drone  
  35  2:59  Drone  
  36  3:06  Drone  
  36  3:08  Hatchery  
  36  3:09  Drone x2  
  38  3:15  Drone  
  39  3:20  Drone x3  
  39  3:22  Drone  
  39  3:23  Drone  
  44  3:30  Overlord  
  44  3:31  Drone  
  44  3:38  Drone  
  44  3:40  Extractor, Queen  
  46  3:47  Overlord  
  46  3:49  Drone  
  46  3:51  Drone x2  
  46  3:52  Baneling Nest  
  48  3:57  Drone x3  
  51  4:07  Lair  
  51  4:10  Zergling x2  
  51  4:11  Zergling x6  
  55  4:18  Queen  
  55  4:22  Zergling x10  
  62  4:26  Queen  
  62  4:27  Overlord  
  64  4:38  Baneling x5, Evolution Chamber  
  63  4:43  Zergling x8  
  67  4:50  Zergling x2  
  67  4:51  Zergling x8  
  72  5:01  Overlord  
  72  5:11  Zergling x2  
  72  5:12  Zergling x10  
  78  5:21  Drone  
  78  5:22  Drone  
  78  5:24  Drone  
  78  5:25  Drone x3  
  84  5:29  Spire  
  84  5:31  Overlord  
  84  5:32  Drone  
  84  5:34  Centrifical Hooks  
  84  5:37  Drone  
  85  5:43  Drone x2  
  85  5:44  Drone  
  85  5:47  Extractor  
  85  5:49  Extractor  
  86  5:50  Drone x5  
  88  6:00  Drone x2  
  88  6:03  Zerg Melee Weapons Level 1  
  88  6:04  Drone x2  
  91  6:09  Overlord  
  91  6:10  Hatchery  
  90  6:16  Overlord x2  
  90  6:17  Pneumatized Carapace  
  90  6:18  Zergling x2  
  90  6:19  Zergling x10  
  90  6:20  Baneling x2  
  90  6:21  Zergling x2  
  95  6:43  Mutalisk  
  95  6:45  Overlord  
  98  6:47  Drone x2  
  98  6:49  Extractor  
  98  6:50  Drone  
  98  6:51  Extractor, Drone x6  
  104  6:56  Overlord  
  104  6:57  Zergling x2  
  104  6:58  Zergling x2  
  104  7:01  Overlord x2  
  106  7:17  Zergling x14  
  113  7:26  Hatchery  
  112  7:36  Zergling x6  
  112  7:37  Zergling x22  
  123  7:38  Zerg Flyer Weapons Level 1  
  126  7:45  Baneling x2  
  126  7:47  Zergling x6  
  126  7:48  Zergling x2  
  125  7:54  Zergling x2  
  125  7:57  Zergling x4  
  125  7:58  Mutalisk  
  127  8:01  Zerg Melee Weapons Level 2  
  129  8:06  Overseer, Evolution Chamber  
  129  8:07  Overseer  
  129  8:09  Overlord x2  
  123  8:17  Overlord  
  122  8:21  Zergling x10  
  122  8:22  Zergling x2  
  111  8:35  Zergling x4  
  111  8:36  Zergling x2  
  111  8:39  Zergling x2  
  111  8:40  Zergling x20  
  116  8:44  Drone  
  116  8:45  Drone x3  
  116  8:47  Zergling x2  
  117  8:51  Mutalisk  
  117  8:53  Zergling x4  
  117  8:57  Zerg Ground Armor Level 1  
  117  8:59  Queen  
  117  9:01  Extractor  
  117  9:02  Zergling x10  
  123  9:07  Zergling x2  
  123  9:08  Zergling x4  
  126  9:13  Zergling x2  
  127  9:17  Mutalisk x3  
  128  9:25  Zergling x10  
  128  9:27  Zergling x6  
  128  9:31  Drone  
  134  9:39  Zergling x6  
  134  9:43  Zergling x10  
  134  9:44  Baneling x2  
  134  9:45  Baneling x8  
  135  9:49  Zergling x8  
  134  9:57  Zergling x6  
  115  10:11  Zergling x2  
  115  10:12  Zergling x6  
  115  10:13  Zergling x2  
  99  10:15  Zergling x12  
  101  10:22  Mutalisk x5  
  111  10:30  Zergling x4  
  111  10:32  Baneling x5  
  111  10:33  Baneling x4  
  111  10:34  Drone x2  
  113  10:44  Zergling x8  
  117  10:52  Overseer  
  117  10:56  Hatchery  
  116  11:02  Zergling x4  
  116  11:04  Zergling x14  
  117  11:07  Baneling x4  
  112  11:18  Zergling x10  
  112  11:19  Zergling x4  
  112  11:22  Zergling x10  
  112  11:24  Baneling  
  112  11:25  Baneling x7  
  121  11:30  Zergling x8  
  117  11:40  Baneling  
  116  11:48  Zergling x10  
  105  11:54  Zergling x4  
  105  11:59  Zergling x2, Hatchery  
  105  12:00  Zergling x2  
  108  12:07  Hatchery  
  106  12:11  Mutalisk  
  99  12:18  Zergling x12  
  74  12:39  Zergling x10  
  74  12:40  Baneling  
  74  12:41  Baneling x7  
Tags
 
Add a new tag
Caveats
  • Supply blocks, unpowered buildings, or Contaminate may cause inaccurate times.
  • Supply counts are checked every 10 seconds.